AoeStats
← [TUC] P E L U S A

Nomad

509241444Analyzed
2v2 RM · 6d ago on Sep 26, 2026· 27m 4s· 4 players
Game mode
Random Map
Map size
176×176
Population
200
Speed
Normal
Resources
Standard
Victory
Conquest
Starting age
Dark Age
Ending age
Imperial Age
RankedLock teamsTeams togetherTeam positionsShared explorationLock speedFull tech treeHidden civsTurbo modeCheats
Victory
Defeat
🇩🇰 Varangians · Denmark
1251
+14
🇦🇷 Spanish · Argentina
1227
+15
🇦🇷 Saxons · Argentina
1245
-16
🇨🇴 Huns · Colombia
1169
-13
[TUC] P E L U S A
2:47 Loom
16:03 Feudal Age
16:29 Double-Bit Axe
20:26 Castle Age
18:15 Town Watch
18:25 Gold Mining
19:45 Forging
21:21 Bloodlines
21:49 Husbandry
23:04 Bow Saw
27:33 Wheelbarrow
[TUC] NAGES
2:54 Loom
13:14 Feudal Age
18:05 Castle Age
19:42 Padded Archer Armor
Belmont
6:57 Loom
15:22 Feudal Age
19:19 Castle Age
Patroclo
6:02 Loom
14:50 Feudal Age
15:32 Double-Bit Axe
15:40 Gold Mining
16:19 Town Watch
17:11 Fletching
20:07 Wheelbarrow
19:27 Fishing Lines
22:44 Castle Age
22:24 Stone Mining
23:46 Hand Cart
24:12 Bow Saw
24:18 Medium Warships
24:05 Gillnets
27:20 Gold Shaft Mining
Connection lost

Rejoining the realm…

Still unreachable

The connection could not be restored.

Session expired

The server has moved on; the page needs a fresh start.